AoeStats
← SkaZaNy1906

Black Forest

510840842Analyzed
3v3 RM · 1d ago on Oct 2, 2026· 61m 36s· 6 players
Game mode
Random Map
Map size
Normal (6 player)
Population
200
Speed
Normal
Resources
Standard
Victory
Conquest
Starting age
Dark Age
Ending age
Imperial Age
RankedLock teamsTeams togetherTeam positionsShared explorationLock speedFull tech treeHidden civsTurbo modeCheats
Victory
Defeat
🇵🇱 Britons · Poland
708
+13
🇹🇷 Slavs · Türkiye
517
+20
🇹🇷 Turks · Türkiye
476
+23
🇧🇬 Bulgarians · Bulgaria
633
-19
🇨🇦 Bohemians · Canada
631
-19
🇷🇺 Spanish · Russia
601
-18
Anubis
0:36 Loom
16:37 Feudal Age
22:15 Castle Age
25:34 Fervor
28:33 Stone Mining
28:29 Double-Bit Axe
28:27 Horse Collar
29:16 Sanctity
29:14 Heavy Plow
30:02 Gold Mining
30:50 Stone Shaft Mining
34:34 Wheelbarrow
34:26 Fortified Wall
34:37 Ballistics
35:08 Bow Saw
35:34 Hand Cart
40:28 Imperial Age
40:30 Murder Holes
40:45 Masonry
41:37 Forging
41:18 Fletching
41:28 Padded Archer Armor
41:29 Scale Mail Armor
41:34 Scale Barding Armor
42:31 Chemistry
41:17 Arrowslits
41:39 Caravan
41:04 Elite Conquistador
43:19 Architecture
43:28 Iron Casting
42:48 Bodkin Arrow
44:00 Supremacy
46:26 Blast Furnace
45:27 Bracer
45:43 Leather Archer Armor
45:43 Chain Mail Armor
45:49 Chain Barding Armor
46:47 Two-Man Saw
47:24 Plate Mail Armor
47:24 Ring Archer Armor
48:18 Hoardings
48:05 Conscription
50:15 Plate Barding Armor
MultiHamps
14:39 Feudal Age
15:53 Horse Collar
16:01 Double-Bit Axe
25:27 Castle Age
24:26 Forging
25:49 Scale Barding Armor
27:43 Iron Casting
28:30 Heavy Plow
28:44 Bow Saw
32:57 Imperial Age
32:58 Elite Konnik
37:54 Capped Ram
43:37 Town Watch
48:18 Elite Skirmisher
51:35 Blast Furnace
51:43 Padded Archer Armor
51:36 Fletching
54:11 Bodkin Arrow
HuntYouDown
1:18 Loom
18:11 Feudal Age
20:02 Double-Bit Axe
23:43 Castle Age
23:02 Wheelbarrow
26:15 Horse Collar
26:48 Bow Saw
29:30 Padded Archer Armor
29:21 Fletching
28:54 Elite Skirmisher
33:39 Bodkin Arrow
34:45 Caravan
38:08 Heavy Plow
39:14 Hand Cart
41:49 Imperial Age
39:41 Squires
39:28 Arson
39:28 Pikeman
41:12 Leather Archer Armor
40:58 Scale Mail Armor
41:08 Forging
41:27 Wagenburg Tactics
41:33 Wagenburg Tactics
42:19 Ballistics
41:55 Murder Holes
41:52 Elite Hussite Wagon
42:55 Conscription
44:20 Two-Man Saw
43:11 Halberdier
44:17 Masonry
44:32 Elite Hussite Wagon
45:22 Hussite Reforms
45:37 Conscription
45:24 Onager
48:12 Chain Mail Armor
48:33 Iron Casting
48:31 Bracer
50:04 Chemistry
50:07 Plate Mail Armor
50:12 Iron Casting
57:19 Bombard Tower
57:11 Fortified Wall
57:07 Siege Engineers
57:33 Architecture
56:49 Arrowslits
56:42 Houfnice
58:11 Guard Tower
btaskin076
19:33 Feudal Age
25:07 Castle Age
23:29 Double-Bit Axe
23:48 Horse Collar
24:19 Gold Mining
24:49 Stone Mining
26:51 Wheelbarrow
28:25 Hand Cart
31:12 Fortified Wall
32:17 Bow Saw
32:53 Detinets
34:05 Squires
33:25 Pikeman
35:39 Gold Shaft Mining
37:26 Heavy Plow
37:43 Scale Mail Armor
37:49 Scale Barding Armor
40:29 Chain Mail Armor
41:25 Masonry
41:36 Ballistics
41:29 Forging
41:40 Chain Barding Armor
44:23 Imperial Age
42:56 Caravan
43:37 Iron Casting
43:43 Loom
43:44 Town Watch
45:04 Halberdier
45:08 Elite Skirmisher
46:27 Crop Rotation
47:16 Two-Man Saw
47:25 Blast Furnace
46:56 Plate Mail Armor
47:03 Plate Barding Armor
46:30 Padded Archer Armor
46:21 Fletching
47:36 Chemistry
46:53 Druzhina
47:17 Conscription
46:31 Sappers
47:43 Hoardings
48:27 Elite Boyar
48:45 Onager
52:43 Siege Onager
SkaZaNy1906
0:26 Loom
12:03 Feudal Age
12:29 Horse Collar
12:35 Double-Bit Axe
19:16 Wheelbarrow
20:52 Castle Age
19:58 Gold Mining
19:58 Stone Mining
22:32 Squires
21:55 Pikeman
22:23 Arson
23:37 Wheelbarrow
22:47 Town Watch
24:10 Fletching
24:21 Padded Archer Armor
24:22 Scale Mail Armor
25:14 Fishing Lines
30:32 Imperial Age
28:23 Treadmill Crane
30:32 Bodkin Arrow
33:35 Sappers
37:33 Elite Longbowman
40:02 Hand Cart
41:16 Chemistry
40:50 Conscription
40:43 Bracer
41:00 Chain Mail Armor
41:01 Leather Archer Armor
41:49 Chemistry
41:23 Ballistics
41:02 Arrowslits
41:06 Halberdier
41:50 Heavy Plow
45:23 Yeomen
45:46 Murder Holes
45:57 Siege Engineers
47:00 Caravan
49:11 Ring Archer Armor
49:12 Plate Mail Armor
49:59 Man-at-Arms
50:24 Gambesons
50:54 Town Patrol
52:06 Warwolf
52:42 Hoardings
52:48 Hoardings
54:10 Gold Shaft Mining
53:55 Gillnets
53:33 Long Swordsman
57:59 Fortified Wall
58:35 Two-Handed Swordsman
ogpolat
1:39 Loom
13:18 Feudal Age
25:00 Castle Age
22:57 Double-Bit Axe
26:43 Bow Saw
26:18 Horse Collar
29:36 Heavy Plow
32:01 Fishing Lines
33:38 Gillnets
39:02 Imperial Age
39:24 Gold Mining
39:25 Stone Mining
40:49 Two-Man Saw
39:47 Fletching
39:58 Padded Archer Armor
39:44 Treadmill Crane
40:25 Ballistics
40:26 Caravan
40:37 Guilds
41:21 Wheelbarrow
40:32 Town Watch
42:22 Bodkin Arrow
42:57 Hand Cart
44:58 Conscription
46:28 Artillery
49:59 Elite Janissary
54:03 Bracer
54:19 Leather Archer Armor
54:15 Forging
62:01 Town Patrol
Connection lost

Rejoining the realm…

Still unreachable

The connection could not be restored.

Session expired

The server has moved on; the page needs a fresh start.